NWL (28 & UNDER)
BISMARK BORDER GUARDS @ SAN DIEGO SMASHERS
08/15/2024
 
TOP OF THE 1ST
Bismark Border Guards batting - Pitching for San Diego Smashers : RHP Warren Johnson
Pitching: RHP Warren Johnson
Batting: RHB Aaron Holt 0-0: Ball
1-0: Reached on error, E5 (Groundball, 56)
Batting: LHB Jim Jensen 0-0: Called Strike
0-1: Ball
1-1: Foul Ball, location: 2F
1-2: Ball
2-2: Foul Ball, location: 2F
2-2: Foul Ball, location: 2F
2-2: Ball
3-2: Grounds into double play, 4-6-3 (Groundball, 34)
Batting: SHB Glenn Vadnais 0-0: Ground out U3 (Groundball, 3S)
Top of the 1st over - 0 run(s), 0 hit(s), 1 error(s), 0 left on base; Bismark 0 - San Diego 0
BOTTOM OF THE 1ST
San Diego Smashers batting - Pitching for Bismark Border Guards : RHP Bud Baldwin
Pitching: RHP Bud Baldwin
Batting: RHB Jorge Collazo 0-0: Called Strike
0-1: Foul Ball, location: 2F
0-2: Ball
1-2: Foul Ball, location: 2F
1-2: Fly out, F8 (Flyball, 8RS)
Batting: RHB Francisco Castillo 0-0: Called Strike
0-1: Ball
1-1: Ball
2-1: Called Strike
2-2: Foul Ball, location: 2F
2-2: Ball
3-2: Foul Ball, location: 2F
3-2: Ground out 1-3 (Groundball, 13S)
Batting: RHB Luis Martínez 0-0: Fly out, F6 (Popup, 56D)
Bottom of the 1st over - 0 run(s), 0 hit(s), 0 error(s), 0 left on base; Bismark 0 - San Diego 0
TOP OF THE 2ND
Bismark Border Guards batting - Pitching for San Diego Smashers : RHP Warren Johnson
Batting: RHB Mike Wright 0-0: DOUBLE (Groundball, 5L)
Batting: LHB Rusty Herbert 0-0: Swinging Strike
0-1: Called Strike
0-2: Strikes out swinging
Batting: RHB José Cintrón 0-0: Ball
1-0: Foul Ball, location: 2F
1-1: Ground out 1-3 (Groundball, 23)
Mike Wright to third
Batting: RHB Alejandro Ramos 0-0: Ball
1-0: Called Strike
1-1: Ball
2-1: Called Strike
2-2: Ground out 6-3 (Groundball, 6S)
Top of the 2nd over - 0 run(s), 1 hit(s), 0 error(s), 1 left on base; Bismark 0 - San Diego 0
BOTTOM OF THE 2ND
San Diego Smashers batting - Pitching for Bismark Border Guards : RHP Bud Baldwin
Batting: LHB Jeffrey Bascombe 0-0: Called Strike
0-1: Ball
1-1: Fly out, F7 (Popup, 7LS)
Batting: RHB Cisco Gatán 0-0: Swinging Strike
0-1: Ball
1-1: Ball
2-1: Ball
3-1: Base on Balls
Batting: RHB Iván De Jesús 0-0: Called Strike
0-1: Ball
1-1: Called Strike
1-2: Ball
2-2: 2-RUN HOME RUN (Flyball, 7D), Distance : 354 ft
Batting: RHB Manuel Muńóz 0-0: Ball
1-0: Called Strike
1-1: Ball
2-1: Swinging Strike
2-2: Strikes out swinging
Batting: SHB Adrián Nieto 0-0: Ball
1-0: Called Strike
1-1: Ball
2-1: DOUBLE (Line Drive, 8RM)
Batting: RHB Gustavo Torres 0-0: Ball
1-0: Foul Ball, location: 2F
1-1: Foul Ball, location: 2F
1-2: Ground out 4-3 (Groundball, 4M)
Bottom of the 2nd over - 2 run(s), 2 hit(s), 0 error(s), 1 left on base; Bismark 0 - San Diego 2
TOP OF THE 3RD
Bismark Border Guards batting - Pitching for San Diego Smashers : RHP Warren Johnson
Batting: RHB Salvador Borbón 0-0: Called Strike
0-1: Called Strike
0-2: Ball
1-2: Ball
2-2: Ball
3-2: Base on Balls
Batting: RHB Tomás Carranza 0-0: Called Strike
0-1: Fly out, F4 (Popup, 4MD)
Batting: RHB Aaron Holt 0-0: Ball
1-0: Foul Ball, location: 2F
1-1: Called Strike
1-2: Strikes out swinging
Batting: LHB Jim Jensen 0-0: Ball
1-0: Called Strike
1-1: Ball
2-1: Swinging Strike
2-2: Ball
3-2: Foul Ball, location: 2F
3-2: Base on Balls
Salvador Borbón to second
Batting: SHB Glenn Vadnais 0-0: Ball
1-0: Fly out, F5 (Popup, 5SF)
Top of the 3rd over - 0 run(s), 0 hit(s), 0 error(s), 2 left on base; Bismark 0 - San Diego 2
BOTTOM OF THE 3RD
San Diego Smashers batting - Pitching for Bismark Border Guards : RHP Bud Baldwin
Batting: RHB Jorge Collazo 0-0: Foul Ball, location: 2F
0-1: Ball
1-1: Foul Ball, location: 2F
1-2: Strikes out swinging
Batting: RHB Francisco Castillo 0-0: Bunt missed!
0-1: Called Strike
0-2: Ball
1-2: Ball
2-2: Strikes out swinging
Batting: RHB Luis Martínez 0-0: Ball
1-0: Swinging Strike
1-1: Ball
2-1: Ground out 5-3 (Groundball, 5S)
Bottom of the 3rd over - 0 run(s), 0 hit(s), 0 error(s), 0 left on base; Bismark 0 - San Diego 2
TOP OF THE 4TH
Bismark Border Guards batting - Pitching for San Diego Smashers : RHP Warren Johnson
Batting: RHB Mike Wright 0-0: Ball
1-0: Foul Ball, location: 2F
1-1: Swinging Strike
1-2: Strikes out swinging
Batting: LHB Rusty Herbert 0-0: Ball
1-0: Called Strike
1-1: Ball
2-1: Ball
3-1: Foul Ball, location: 2F
3-2: Base on Balls
Batting: RHB José Cintrón 0-0: Foul Ball, location: 2F
0-1: Swinging Strike
0-2: Ball
1-2: SINGLE (Groundball, 56D)
Rusty Herbert to second
Batting: RHB Alejandro Ramos 0-0: Called Strike
0-1: Ball
1-1: Swinging Strike
1-2: DOUBLE (Flyball, 8LXD)
Rusty Herbert scores
José Cintrón to third
Batting: RHB Salvador Borbón 0-0: Ball
1-0: Ball
2-0: Called Strike
2-1: Called Strike
2-2: Ball
3-2: Fly out, F9 (Flyball, 89M)
Runner from 3rd tags up, SCORES, throw made
Batting: RHB Tomás Carranza 0-0: Fly out, F9 (Line Drive, 89M)
Top of the 4th over - 2 run(s), 2 hit(s), 0 error(s), 1 left on base; Bismark 2 - San Diego 2
BOTTOM OF THE 4TH
San Diego Smashers batting - Pitching for Bismark Border Guards : RHP Bud Baldwin
Batting: LHB Jeffrey Bascombe 0-0: Ball
1-0: Ball
2-0: Foul Ball, location: 2F
2-1: Ball
3-1: Base on Balls
Batting: RHB Cisco Gatán 0-0: Foul Ball, location: 2F
0-1: Foul Ball, location: 2F
0-2: Grounds into double play, 4-6-3 (Groundball, 4)
Batting: RHB Iván De Jesús 0-0: Ball
1-0: Foul Ball, location: 2F
1-1: Swinging Strike
1-2: Ball
2-2: Ball
3-2: Foul Ball, location: 2F
3-2: Foul Ball, location: 2F
3-2: Strikes out swinging
Bottom of the 4th over - 0 run(s), 0 hit(s), 0 error(s), 0 left on base; Bismark 2 - San Diego 2
TOP OF THE 5TH
Bismark Border Guards batting - Pitching for San Diego Smashers : RHP Warren Johnson
Batting: RHB Aaron Holt 0-0: Called Strike
0-1: Called Strike
0-2: Foul Ball, location: 2F
0-2: Ball
1-2: Strikes out swinging
Batting: LHB Jim Jensen 0-0: Ball
1-0: SINGLE (Line Drive, 56D)
Batting: SHB Glenn Vadnais 0-0: Ball
1-0: Ball
2-0: Swinging Strike
2-1: Called Strike
2-2: Foul Ball, location: 2F
2-2: Foul Ball, location: 2F
2-2: Strikes out swinging
Batting: RHB Mike Wright 0-0: Ball
1-0: Swinging Strike
1-1: Swinging Strike
1-2: SINGLE (Groundball, 56D) (infield hit)
Jim Jensen to second
Batting: LHB Rusty Herbert 0-0: Ball
1-0: Foul Ball, location: 2F
1-1: Foul Ball, location: 2F
1-2: Hit by Pitch
Jim Jensen to third
Mike Wright to second
Batting: RHB José Cintrón 0-0: Called Strike
0-1: Fly out, F4 (Popup, 4MD)
Top of the 5th over - 0 run(s), 2 hit(s), 0 error(s), 3 left on base; Bismark 2 - San Diego 2
BOTTOM OF THE 5TH
San Diego Smashers batting - Pitching for Bismark Border Guards : RHP Bud Baldwin
Batting: RHB Manuel Muńóz 0-0: Ball
1-0: Ground out 5-3 (Groundball, 5)
Batting: SHB Adrián Nieto 0-0: Called Strike
0-1: Foul Ball, location: 2F
0-2: Ball
1-2: Foul Ball, location: 2F
1-2: Ball
2-2: Ball
3-2: Fly out, F7 (Flyball, 7M)
Batting: RHB Gustavo Torres 0-0: Called Strike
0-1: Foul Ball, location: 2F
0-2: Ball
1-2: Strikes out looking
Bottom of the 5th over - 0 run(s), 0 hit(s), 0 error(s), 0 left on base; Bismark 2 - San Diego 2
TOP OF THE 6TH
Bismark Border Guards batting - Pitching for San Diego Smashers : RHP Warren Johnson
Batting: RHB Alejandro Ramos 0-0: Ball
1-0: SINGLE (Line Drive, 8LS)
Pitching: RHP Bill Elliott
Batting: RHB Salvador Borbón 0-0: Swinging Strike
0-1: Ball
1-1: Ball
2-1: Swinging Strike
2-2: Strikes out swinging
Batting: RHB Tomás Carranza 0-0: Called Strike
0-1: Fly out, F8 (Flyball, 8LM)
Batting: RHB Aaron Holt 0-0: Foul Ball, location: 2F
0-1: Swinging Strike
0-2: Ball
1-2: Foul Ball, location: 2F
1-2: Fly out, F8 (Flyball, 8RM)
Top of the 6th over - 0 run(s), 1 hit(s), 0 error(s), 1 left on base; Bismark 2 - San Diego 2
BOTTOM OF THE 6TH
San Diego Smashers batting - Pitching for Bismark Border Guards : RHP Bud Baldwin
Batting: RHB Jorge Collazo 0-0: Ball
1-0: Ground out 3-1 (Groundball, 34)
Batting: RHB Francisco Castillo 0-0: Ball
1-0: Called Strike
1-1: Ground out 6-3 (Groundball, 6)
Batting: RHB Luis Martínez 0-0: Swinging Strike
0-1: Foul Ball, location: 2F
0-2: Foul Ball, location: 2F
0-2: Ball
1-2: Strikes out swinging
Bottom of the 6th over - 0 run(s), 0 hit(s), 0 error(s), 0 left on base; Bismark 2 - San Diego 2
TOP OF THE 7TH
Bismark Border Guards batting - Pitching for San Diego Smashers : RHP Bill Elliott
Pitching: LHP Júlio Castillo
Batting: LHB Jim Jensen 0-0: Ball
1-0: Ball
2-0: Ball
3-0: Called Strike
3-1: Called Strike
3-2: Ground out 1-3 (Groundball, 13S)
Pitching: RHP Enrique Sánchez
Batting: SHB Glenn Vadnais 0-0: Ball
1-0: Ball
2-0: Foul Ball, location: 2F
2-1: Swinging Strike
2-2: Strikes out swinging
Batting: RHB Mike Wright 0-0: Ground out 6-3 (Groundball, 6)
Top of the 7th over - 0 run(s), 0 hit(s), 0 error(s), 0 left on base; Bismark 2 - San Diego 2
BOTTOM OF THE 7TH
San Diego Smashers batting - Pitching for Bismark Border Guards : RHP Bud Baldwin
Batting: LHB Jeffrey Bascombe 0-0: Foul Ball, location: 2F
0-1: Ball
1-1: DOUBLE (Flyball, 78D)
Pitching: RHP Beau Murphy
Pinch Hitting: LHB Noriaki Sangi 0-0: Intentional Walk
Batting: RHB Iván De Jesús 0-0: Ball
1-0: Bunted foul
1-1: Sac Bunt - play at third, runner OUT! 2-6
Noriaki Sangi to second
Pinch Runner at 2nd Armando Cruz:
Pinch Hitting: LHB Cipriano Cruz 0-0: Foul Ball, location: 2F
0-1: Called Strike
0-2: Strikes out looking
Pinch Hitting: RHB Bill Savage 0-0: SINGLE (Line Drive, 7S)
Armando Cruz to third
Iván De Jesús to second
Pinch Hitting: RHB Griswold Coleman 0-0: Foul Ball, location: 2F
0-1: Ball
1-1: Ball
2-1: Foul Ball, location: 2F
2-2: Strikes out swinging
Bottom of the 7th over - 0 run(s), 2 hit(s), 0 error(s), 3 left on base; Bismark 2 - San Diego 2
TOP OF THE 8TH
Bismark Border Guards batting - Pitching for San Diego Smashers : RHP Enrique Sánchez
Now at 2B: Armando Cruz
Now at 3B: Brian Price
Now in LF: Chris Hall
Now in CF: Luis Flores
Batting: LHB Rusty Herbert 0-0: Called Strike
0-1: Ball
1-1: Called Strike
1-2: Ball
2-2: SINGLE (Line Drive, 34D)
Batting: RHB José Cintrón 0-0: Called Strike
0-1: Bunted foul
0-2: Ball
1-2: Ball
2-2: Foul Ball, location: 2F
2-2: Ball
3-2: Ground out 5-3 (Groundball, 5)
Rusty Herbert to second
Batting: RHB Alejandro Ramos 0-0: Ball
1-0: Ground out 5-3 (Groundball, 56)
Pinch Hitting: RHB José Gómez 0-0: Ball
1-0: Foul Ball, location: 2F
1-1: Foul Ball, location: 2F
1-2: Foul Ball, location: 2F
1-2: Ground out 4-3 (Groundball, 4)
Top of the 8th over - 0 run(s), 1 hit(s), 0 error(s), 1 left on base; Bismark 2 - San Diego 2
BOTTOM OF THE 8TH
San Diego Smashers batting - Pitching for Bismark Border Guards : RHP Beau Murphy
Now at SS: Tony Rivera
Pinch Hitting: SHB José González 0-0: Called Strike
0-1: Ground out 6-3 (Groundball, 6M)
Batting: RHB Francisco Castillo 0-0: Ball
1-0: Foul Ball, location: 2F
1-1: Called Strike
1-2: Strikes out swinging
Batting: RHB Luis Martínez 0-0: DOUBLE (Flyball, 78XD)
Batting: LHB Jeffrey Bascombe 0-0: Called Strike
0-1: Ball
1-1: Ground out 4-3 (Groundball, 4)
Bottom of the 8th over - 0 run(s), 1 hit(s), 0 error(s), 1 left on base; Bismark 2 - San Diego 2
TOP OF THE 9TH
Bismark Border Guards batting - Pitching for San Diego Smashers : RHP Enrique Sánchez
Pitching: RHP James Kelly
Now at SS: José González
Pinch Hitting: LHB Nelson Peńa 0-0: Ball
1-0: SINGLE (Line Drive, 8RS)
Batting: RHB Aaron Holt 0-0: Ball
1-0: Sac Bunt - play at first, batter OUT! 5-4
Nelson Peńa to second
Batting: LHB Jim Jensen 0-0: Called Strike
0-1: Foul Ball, location: 2F
0-2: Ball
1-2: Ball
2-2: Ball
3-2: SINGLE (Groundball, 34)
Nelson Peńa to third
Batting: SHB Glenn Vadnais 0-0: Ball
1-0: Ball
2-0: Ball
3-0: Fly out, F7 (Flyball, 78M)
Runner from 3rd tags up, SCORES, no throw
Batting: RHB Mike Wright 0-0: Ball
1-0: Ball
2-0: Ball
3-0: Base on Balls
Jim Jensen to second
Batting: LHB Rusty Herbert 0-0: Ball
1-0: Fly out, F9 (Line Drive, 9S)
Top of the 9th over - 1 run(s), 2 hit(s), 0 error(s), 2 left on base; Bismark 3 - San Diego 2
BOTTOM OF THE 9TH
San Diego Smashers batting - Pitching for Bismark Border Guards : RHP Beau Murphy
Pitching: RHP Arthur Green
Now in CF: Norbert Mosley
Pinch Hitting: RHB Fred Ameris 0-0: Called Strike
0-1: Ball
1-1: Ball
2-1: Foul Ball, location: 2F
2-2: Strikes out looking
Batting: RHB Iván De Jesús 0-0: Hit by Pitch
Batting: SHB Brian Price 0-0: Called Strike
0-1: Ball
1-1: Ball
2-1: Ball
3-1: Foul Ball, location: 2F
3-2: SINGLE (Line Drive, 56)
Iván De Jesús to second
Batting: SHB Chris Hall 0-0: Ball
1-0: Ball
2-0: Called Strike
2-1: Ball
3-1: Called Strike
3-2: Foul Ball, location: 2F
3-2: Base on Balls
Iván De Jesús to third
Brian Price to second
Batting: LHB Luis Flores 0-0: Called Strike
0-1: Ball
1-1: Fly out, F5 (Popup, 5SF)
Batting: SHB José González 0-0: Called Strike
0-1: Foul Ball, location: 2F
0-2: Ball
1-2: Strikes out swinging
Bottom of the 9th over - 0 run(s), 1 hit(s), 0 error(s), 3 left on base; Bismark 3 - San Diego 2
This league is powered by Out of the Park Baseball, the baseball management simulation game for PC, Mac and Linux
Saturday, April 9th, 2016 - OOTP Baseball 16.8 Build 38